Cogmind - Beta 17 @@@ ROGUE MODE // 2026.07.08 @ 17:23:44 Player: chai Result: Destroyed by OI-C6A(R) with Subdweller Machine Gun Performance ------------- Evolutions (0) 0 Regions Visited (2) 400 Robots Destroyed (13) 65 Value Destroyed (444) 444 Prototype IDs (3) 60 Alien Tech Used (0) 0 Bonus (0) 0 TOTAL SCORE: 969 Bonus ------- None Cogmind --------- Core Integrity 0/250 Matter 300/300 Energy 196/200 System Corruption 0% Temperature Cool (0) Movement Core (600) Ox11 Location -10/Subcaves Parts ------- > --- POWER (1) -------- Subdweller Power Source > --- PROPULSION (2) --- (None) > --- UTILITY (2) ------ Disposable Heat Sink Large Storage Unit > --- WEAPON (2) ------- Subdweller Beam Cannon Mining Claw > --- INVENTORY (15) --- Light Ion Engine Light Ion Engine Subdweller Power Source Subdweller Monowheel Heat Sink Large Battery (200) High-capacity Matter Pod (200) Subdweller Optics Signal Interpreter Medium Laser Small Laser Subdweller Laser Light Cannon Battle Cannon Grenade Launcher Peak State ------------ > --- POWER ------------ Subdweller Power Source > --- PROPULSION ------- Light Treads Compact Wheel > --- UTILITY ---------- Disposable Heat Sink Large Storage Unit > --- WEAPON ----------- Subdweller Beam Cannon Mining Claw > --- INVENTORY -------- Light Ion Engine Light Ion Engine Subdweller Power Source Subdweller Monowheel Heat Sink Large Battery High-capacity Matter Pod Subdweller Optics Signal Interpreter Medium Laser Small Laser Subdweller Laser Light Cannon Battle Cannon Grenade Launcher [Rating: 12] Favorites ----------- Power Light Ion Engine Engine Light Ion Engine Propulsion Compact Wheel Treads Light Treads Wheel Compact Wheel Utility Large Storage Unit Device Heat Sink Storage Large Storage Unit Protection Light Armor Plating Weapon Medium Laser Energy Gun Medium Laser Energy Cannon Subdweller Beam Cannon Ballistic Cannon Light Cannon Slashing Weapon Mining Claw Build | -11 -10 -10 ------- Run | Yrd Mat Sub Slots Evolved . | . . . Power . | . . . Propulsion . | . . . Utility . | . . . Weapon . | . . . Parts Attached 19 | 6 5 8 Power 4 | 1 2 1 Engine 4 | 1 2 1 Core . | . . . Reactor . | . . . Propulsion 4 | 2 . 2 Treads 2 | 1 . 1 Leg . | . . . Wheel 2 | 1 . 1 Hover . | . . . Flight . | . . . Utility 5 | 1 2 2 Device 2 | . 1 1 Storage 2 | 1 1 . Processor . | . . . Hackware . | . . . Protection 1 | . . 1 Artifact . | . . . Weapon 6 | 2 1 3 Energy Gun 3 | 2 1 . Energy Cannon 1 | . . 1 Ballistic Gun . | . . . Ballistic Cannon 1 | . . 1 Launcher . | . . . Special Weapon . | . . . Impact Weapon . | . . . Slashing Weapon 1 | . . 1 Piercing Weapon . | . . . Special Melee Weapon . | . . . Unidentified Prototypes . | . . . Parts Lost 7 | . . 7 Power 1 | . . 1 Propulsion 4 | . . 4 Utility 1 | . . 1 Weapon 1 | . . 1 Highest Loss Streak 2 | . . 2 To Critical Strikes . | . . . Average Backups 10 | 1 7 13 Power 1 | . 1 2 Propulsion 1 | 1 2 1 Utility 3 | . 2 4 Weapon 3 | . 2 4 Tool/Special . | . . . Unused Backups 11 | . . 11 Power 2 | . . 2 Propulsion 1 | . . 1 Utility 4 | . . 4 Weapon 4 | . . 4 Tool/Special . | . . . Average Slot Usage (%) 96 | . 96 97 Engine 13 | . 14 12 Treads 13 | . 14 13 Wheel 13 | . 14 13 Device 8 | . 10 5 Storage 14 | . 14 14 Protection 3 | . . 7 Energy Gun 20 | . 28 12 Ballistic Cannon 4 | . . 9 Slashing Weapon 2 | . . 5 Peak Build Rating 12 | 6 8 12 Average Rating 7 | 4 7 8 On Entrance 4 | . 6 8 Avg Prop Armor Cover (%) 13 | 18 14 11 Naked Turns . | . . . Heaviest Build 36 | 13 29 36 Greatest Support 16 | 16 16 16 Greatest Overweight (x) 2 | . 1 2 Average Overweight (x) . | . . 1 Largest Inventory Capacity 15 | 8 15 15 Average Capacity 14 | 6 14 15 Most Carried 15 | 3 12 15 Average Carried 10 | 1 8 13 Final Capacity 15 | 8 15 15 Final Carried 15 | 3 12 15 Class Distribution -------------------- 100% | Mutant Dominant Class ---------------- Mutant | -10/Materials Mutant | -10/Subcaves Resources | -11 -10 -10 ----------- Run | Yrd Mat Sub Matter Collected 580 | 249 208 123 Remotely . | . . . Salvage Created 491 | . 223 268 Parts 26 | . 13 13 Haulers Intercepted . | . . . Recyclers Shooed . | . . . Parts Field Recycled . | . . . Retrieved Matter . | . . . Parts Self-Destructed 6 | . . 6 Prevented . | . . . Parts Restored . | . . . Kills | -11 -10 -10 ------- Run | Yrd Mat Sub Combat Hostiles Destroyed 13 | . 7 6 Melee 2 | . . 2 Guns 10 | . 6 4 Classes Destroyed 3 | . 2 1 Swarmer 2 | . 2 . Grunt 7 | . 5 2 Subdweller 4 | . . 4 Best Kill Streak 4 | . 3 4 Combat Bots Only 4 | . 3 4 Max Kills in Single Turn 2 | . 1 2 Gunslinging 1 | . . 1 Exploded . | . . . Melee 1 | . . 1 Uniques/NPCs Destroyed . | . . . Combat | -11 -10 -10 -------- Run | Yrd Mat Sub Hostile Shots Fired 70 | . 25 45 Missed 14 | . 2 12 Hits 56 | . 23 33 Projectile 56 | . 23 33 Critical Strikes 1 | . . 1 Damage Taken 1011 | . 245 766 Core 252 | . 46 206 Absorbed by Shields . | . . . Core Remaining (%) 100 | 100 . . Volleys Fired 35 | . 25 10 Largest 2 | . 2 2 Hottest 100 | . 100 100 Shots Fired 68 | . 48 20 Gun 68 | . 48 20 Cannon . | . . . Launcher . | . . . Special . | . . . Kinetic . | . . . Thermal 68 | . 48 20 Explosive . | . . . Electromagnetic . | . . . Robot Hit Streak 14 | . 10 14 Robot Miss Streak 6 | . 5 6 Penetration Max . | . . . Secondary Targets 2 | . . 2 Max Gunslinging Chain 1 | . . 1 Shots Hit Robots 61 | . 30 31 Core Hits 24 | . 13 11 Critical Kills . | . . . Critical Parts Destroyed . | . . . Critical Strikes 2 | . 1 1 Burn 2 | . 1 1 Melee Attacks 27 | . . 27 Impact . | . . . Slashing 27 | . . 27 Piercing . | . . . Sneak Attacks . | . . . Combat Hostiles . | . . . Follow-up Attacks . | . . . Damage Inflicted 864 | . 357 507 Guns 552 | . 357 195 Cannons . | . . . Explosions . | . . . Melee 312 | . . 312 Ramming . | . . . Kinetic . | . . . Thermal 552 | . 357 195 Explosive . | . . . Electromagnetic . | . . . Impact . | . . . Slashing 312 | . . 312 Piercing . | . . . Highest Corruption . | . . . Average Corruption . | . . . Corruption Purged . | . . . Corruption Blocked . | . . . Overload Shots . | . . . Overflow Damage . | . . . Projectiles . | . . . Explosions . | . . . Melee . | . . . Knockbacks . | . . . Impact . | . . . Kinetic . | . . . Secondary . | . . . Self-Inflicted Damage . | . . . Shots . | . . . Rammed . | . . . Targets Rammed . | . . . Kicked . | . . . Crushed . | . . . Highest Temperature 302 | . 302 13 Average Temperature 93 | . 104 4 Received Heat Transfer 183 | . 120 63 Effects 2 | . 2 . Interference 1 | . 1 . Damage (minor) 1 | . 1 . Siege Activations . | . . . Martial Activations . | . . . Shielding Activations . | . . . Robots Disrupted . | . . . Combat Hostiles . | . . . Robots Corrupted . | . . . Combat Hostiles . | . . . Parts Fried . | . . . Impact Corruptions . | . . . Robots Melted 1 | . 1 . Combat Hostiles 1 | . 1 . Parts Melted 2 | . 1 1 Heat Transferred 1742 | . 1076 666 Parts Sabotaged . | . . . Parts Stolen . | . . . Parts Stripped . | . . . Power Chain Reactions . | . . . Alert | -11 -10 -10 ------- Run | Yrd Mat Sub Maximum Alert Level . | . . . Low Security (%) 100 | 100 100 . Level 1 . | . . . Level 2 . | . . . Level 3 . | . . . Level 4 . | . . . Level 5 . | . . . High Security . | . . . Max Security . | . . . Peak Influence 60 | . 60 . Initial . | . . . Average 16 | . 17 . Influence Increases 251 | . 201 50 Destroy 0b10 Robot/C 180 | . 140 40 Destroy Leader 40 | . 30 10 Successful Hack 15 | . 15 . Destroy Structure 1 | . 1 . Lose Combat Pursuer 15 | . 15 . Influence Decreases 251 | . 168 83 Entered New Map 17 | . . 17 Time Decay 224 | . 168 56 Lost Part 10 | . . 10 Squads Dispatched 1 | . 1 . Investigation . | . . . Extermination . | . . . Reinforcement 1 | . 1 . Assault . | . . . Garrison . | . . . Intercept . | . . . Searches Triggered . | . . . Construction Impeded . | . . . Haulers Reinforced . | . . . Active Scanning Responses . | . . . Cargo Convoy Interrupts . | . . . Stealth | -11 -10 -10 --------- Run | Yrd Mat Sub Distress Signals 1 | . 1 . Communications Jammed . | . . . Distress Signals . | . . . Times Spotted 20 | . 12 8 Peak Tracking Total 3 | . 3 2 Tactical Retreats 1 | . 1 . Traps | -11 -10 -10 ------- Run | Yrd Mat Sub Traps Triggered 2 | . 1 1 Indirectly . | . . . Trap Hack Attempts . | . . . Triggered . | . . . Disarmed . | . . . Reprogrammed . | . . . Reused . | . . . Traps Extracted . | . . . Installed . | . . . Triggered . | . . . Machines | -11 -10 -10 ---------- Run | Yrd Mat Sub Machines Disabled 1 | . 1 . Max in Single Turn 1 | . 1 . Machines Repaired . | . . . Machines Dismantled . | . . . Machines Sabotaged . | . . . Overloaded Fab Kills . | . . . Hacking | -11 -10 -10 --------- Run | Yrd Mat Sub Machines Accessed 4 | . 4 . Terminals 4 | . 4 . Fabricators . | . . . Repair Stations . | . . . Recycling Units . | . . . Scanalyzers . | . . . Garrison Access . | . . . Total Hacks 8 | . 8 . Successful 3 | . 3 . Failed 5 | . 5 . Catastrophic 1 | . 1 . Database Lockouts . | . . . Manual . | . . . Terminals 8 | . 8 . Fabricators . | . . . Repair Stations . | . . . Recycling Units . | . . . Scanalyzers . | . . . Garrison Access . | . . . Terminal Hacks 3 | . 3 . Prototype ID Bank 2 | . 2 . Zone Layout 1 | . 1 . Fabricator Hacks . | . . . Repair Station Hacks . | . . . Recycling Unit Hacks . | . . . Scanalyzer . | . . . Garrison Access Hacks . | . . . Unauthorized Hacks . | . . . Terminals . | . . . Fabricators . | . . . Repair Stations . | . . . Recycling Units . | . . . Scanalyzers . | . . . Garrison Access . | . . . Data Cores Recovered . | . . . Used . | . . . Hacking Detections 3 | . 3 . Full Trace Events . | . . . Feedback Events . | . . . Feedback Blocked . | . . . Robot Schematics Acquired . | . . . Robots Built . | . . . Authchips . | . . . Time . | . . . Total Robot Build Rating . | . . . Part Schematics Acquired . | . . . Parts Built . | . . . Authchips . | . . . Time . | . . . Total Part Build Rating . | . . . Part Studies Acquired . | . . . Parts Repaired . | . . . Time . | . . . Parts Recycled . | . . . Recycled Matter . | . . . Retrieved Matter . | . . . Retrieved Components . | . . . Parts Scanalyzed . | . . . Part Schematics Acquired . | . . . Parts Damaged . | . . . Bothacking | -11 -10 -10 ------------ Run | Yrd Mat Sub Used RIF Installer . | . . . Robots Hacked . | . . . Non-combat . | . . . Combat . | . . . Robot Hacks Applied . | . . . Relay Couplers Released . | . . . Fabnet Peak Effective % . | . . . Robots Rewired . | . . . Allies Hacked . | . . . Hacks Repelled . | . . . Allies | -11 -10 -10 -------- Run | Yrd Mat Sub Total Allies . | . . . Largest Group . | . . . Highest-Rated Group . | . . . Highest-Rated Ally . | . . . Total Orders . | . . . Ally Attacks . | . . . Total Damage . | . . . Kills . | . . . Allies Corrupted . | . . . Allies Melted . | . . . Intel | -11 -10 -10 ------- Run | Yrd Mat Sub Active Infowar (turns) . | . . . Robot Analysis Total . | . . . Derelict Logs Recovered . | . . . Drone Launches . | . . . Drone Recoveries . | . . . Exploration | -11 -10 -10 ------------- Run | Yrd Mat Sub Turns Passed 1374 | 45 677 652 Spaces Moved 964 | 35 480 449 Core 3 | 3 . . Treads . | . . . Legs . | . . . Wheels 961 | 32 480 449 Hover . | . . . Flight . | . . . Fastest Speed 50 | 50 100 115 Average Speed 113 | 95 113 115 Slowest Speed 130 | 100 115 130 Overloaded Moves . | . . . Propulsion Burnouts . | . . . Robots Hopped . | . . . Potential Cave-ins . | . . . Cave-ins Triggered . | . . . Exploration Rate (%) 40 | 3 86 32 Regions Visited 2 Branch Regions 1 Pre-discovered Areas . | . . . Known Exits Taken . | . . . Unknown Exits Taken 2 | 1 1 . Scrap Searched . | . . . Spaces Dug . | . . . Terrain Destroyed . | . . . Melee . | . . . Projectile . | . . . AOE . | . . . Terrain Rammed . | . . . Walls Destroyed . | . . . Machines Disabled . | . . . Actions | -11 -10 -10 --------- Run | Yrd Mat Sub Total 1109 | 43 560 506 Wait 43 | . 37 6 Move 962 | 34 479 449 Hop . | . . . Pick Up 18 | 3 9 6 Fast Attach 13 | 6 5 2 Attach 3 | . . 3 Detach . | . . . Swap 5 | . 2 3 Drop 3 | . 3 . Fire 35 | . 25 10 Melee 27 | . . 27 Ram . | . . . Kick . | . . . Crush . | . . . Escape Stasis . | . . . Rewire . | . . . Trap . | . . . Miscellaneous . | . . . Route ------- -11/Scrapyard -10/Materials (discovered 5 exits: [*Mat x3] / [*Min] / [*Sub]) -10/Subcaves History --------- Turn | Location | Event 10 | -11/Scrapyard | Discovered new exit (range 15) 46 | -11/Scrapyard | Entered Materials 279 | -10/Materials | Discovered new exit (range 13) 346 | -10/Materials | Build established: Mutant 377 | -10/Materials | Discovered new exit (range 7) 462 | -10/Materials | Discovered new exit (range 13) 563 | -10/Materials | Discovered new exit (range 8) 718 | -10/Materials | Discovered new exit (range 5) 723 | -10/Materials | Entered Subcaves 724 | -10/Subcaves | Approached by a straggling Scientist 961 | -10/Subcaves | Shifting Twisted Machinery released Battle Cannon 1118 | -10/Subcaves | Core integrity fell below 50% 1149 | -10/Subcaves | Core integrity fell below 20% 1375 | -10/Subcaves | Destroyed by OI-C6A(R) with Subdweller Machine Gun Last Messages --------------- 00912_ An expanding cloud of shrapnel blasts out in all directions. 00912_ BQ-VAN(c) destroyed. Battle Cannon falls loose from the Twisted Machinery. 00967_ Acquired Battle Cannon. 01053_ Acquired 10 matter. 01108_ Lgt. Armor Plating destroyed. 01110_ Lgt. Ion Engine destroyed. 01114_ 4O-2BQ(R) destroyed. 01153_ W4-HM9(R) affixes Scrap Shield Fragment to Scrap Shield. 01154_ W4-HM9(R) destroyed. 01158_ Acquired Disposable Heat Sink. 01160_ Acquired 10 matter. 01163_ Acquired Sub. Power Source. 01164_ Acquired 10 matter. 01331_ Acquired Sub. Beam Cannon. 01357_ Lgt. Treads destroyed. 01373_ Com. Wheel destroyed. Map ----- +----------------------------------------------------+ | ??????#""##??## ### ##?????????????????????? | | ????? "#????## ##????????????????????? | | ???? "#?????### ##???????????????????? | | ???##" ##???????# #???????????????????? | | ????## ?????????# #???????????????????? | | ?????"""?????????# ## ##???????????????????? | | ?????????????????##### #????????????????????? | | ?????????????????????## #######??????????????? | | ?????????????????????## # # #??????????????? | | ?????????????????????# ##?????????????? | | ??????????????????# #?????????????? | | ?????????????????# ### # #?????????????? | | ????????????????# ## ##?### ##?????????????? | | ???????????????# %#?# #???## #?????????????? | | ??????????????# ??## ##### ##?????????????? | | ??????????????## ????# ## ## ##??????????????? | | ???????????????##?????# ##???????????????? | | ??????????????????????## # #????????????????? | | ???????????????????????#### #????????????????? | | ???????????????????????# # ##???????????????? | | ???????????????????????# #???????????????? | | ???????????????????????## ### #???????????????? | | ???????????????????????# ### #???????????????? | | ???????????????????????## #?####???????????????? | | ???????????????????????# ##????????????????????? | | ???????????????????????# @##?????????????????????? | | ???????????????????????#R##??????????????????????? | | ??????????????????????##R #??????????????????????? | | ??????????????????????# #??????????????????????? | | ??????????????????????## #??????????????????????? | | ???????????????????????# ##??????????????????????? | | ???????????????????????# ???????????????????????? | | ??????????????????????? ???????????????????????? | | ??????????????????????? ??????????????????????? | | ??????????????????????## ??????????????????????? | | ???????????????????????# ?????????????????????? | | ??????????????????????? ?????????????????????? | | ??????????????????????? ????????????????????? | | ???????????????????????## ????????????????????? | | ?????????????????????????# ???????????????????? | | ?????????????????????????? ???????????????????? | | ?????????????????????????? ??????????????????? | | ?????????????????????????? ??????????????????? | | ??????????????????????????? ????????????????????? | | ?????????????????????????????????????????????????? | | ?????????????????????????????????????????????????? | | ?????????????????????????????????????????????????? | | ?????????????????????????????????????????????????? | | ?????????????????????????????????????????????????? | | ?????????????????????????????????????????????????? | +----------------------------------------------------+ Best States ------------- Heat Dissipation 35 Coolant Potential 50 Energy Generation 15 Energy Capacity 250 Matter Stores 300 Matter Capacity 300 Sight Range 16 Terrain Scan Density 10 Armor Coverage 150 Evasion (%) 40 Recoil Reduction 1 Item Schematics ----------------- None Robot Schematics ------------------ None Fabricated ------------ Nothing Repaired ---------- Nothing Studied --------- None Alien Tech Used ----------------- None Achievements -------------- None Challenges ------------ None Game ------ Seed BlinkShockboltOptics Manual? 0 Play Time 00:16:14 Cumulative 69.0 hours Start 2026.07.08 @ 17:09:46 End 2026.07.08 @ 17:23:44 Sessions 1 Manual Loads 0 Difficulty Rogue Special Mode None Game No. 43 Rogue 43 Adventurer 0 Explorer 0 Win Type - Total 0 Types 0/0/0/0/0/0/0/0/0/0 Lore% 45 Gallery% 34 Achievement% 30 Wizard Run 0 Options --------- Layout 2 ASCII 0 Keyboard 0 Movement Numpad Keybinds 0 Fullscreen 1 Font 24/Smallcaps Map View 50x44 Zoom Use 0% Tactical HUD 1 Map Filters NONE Filters NONE Steam 1 RUN: 8dfecdc0-218a-48d0-98e2-d5f4e1af058a